 Dungeon Sprint DCSS version 0.29-a0-892-g2c4c91d9db (webtiles) character file.

Game seed: 7511398678690488237

831 mhtbhm the Basher (level 7, -6/51 HPs)
             Began as a Gargoyle Fighter on July 23, 2022.
             Was a Believer of Makhleb.
             Killed from afar by a rakshasa (17 damage)
             ... with a lance of force
             ... in the Dungeon (Sprint IX: "|||||||||||||||||||||||||||||").
             The game lasted 00:01:02 (343 turns).

mhtbhm the Basher (Gargoyle Fighter)                 Turns: 343, Time: 00:01:02

Health: -6/51      AC: 24    Str: 21    XL:     7   Next: 98%
Magic:  7/7        EV:  9    Int:  9    God:    Makhleb [**....]
Gold:   0          SH:  5    Dex:  9    Spells: 6/6 levels left

rFire   . . .      SeeInvis .   a - +0 flail
rCold   . . .      Faith    .   c - +0 buckler
rNeg    + . .      Spirit   .   b - +0 plate armour
rPois   ∞          Reflect  .   (no helmet)
rElec   +          Harm     .   m - +0 cloak
rCorr   .          Rampage  .   (no gloves)
Will    .....      NoTele   +   n - +0 pair of boots
Stlth   ..........              (no amulet)
HPRegen 0.17/turn               o - +2 ring of protection
MPRegen 0.10/turn               p - +2 ring of evasion

@: invisible
A: sickness immunity, AC +4, negative energy resistance 1, electricity
resistance, torment resistance 1, petrification resistance
a: Renounce Religion, Minor Destruction


You were in the Dungeon.
You worshipped Makhleb.
Makhleb was pleased with you.
You visited 1 branch

Inventory:

Hand Weapons
 a - a +0 flail (weapon)
Missiles
 d - 7 poisoned darts (quivered)
Armour
 b - a +0 plate armour (worn)
 c - a +0 buckler (worn)
 m - a +0 cloak (worn)
 n - a +0 pair of boots (worn)
Jewellery
 o - a +2 ring of protection (left hand)
 p - a +2 ring of evasion (right hand)
Wands
 l - a wand of iceblast (10)
Scrolls
 j - 2 scrolls of blinking
 k - 2 scrolls of amnesia
Potions
 e - 5 potions of curing
 g - a potion of haste
 h - 4 potions of magic


   Skills:
 + Level 9.0 Fighting
 + Level 10.2 Maces & Flails
 + Level 9.6 Armour
 + Level 2.0 Dodging
 + Level 8.8 Shields


You had 6 spell levels left.
You didn't know any spells.
Your spell library was empty.

Dungeon Overview and Level Annotations

Branches:
Dungeon (1/1)

Altars:
Cheibriados
Dithmenos
Elyvilon
Fedhas
Gozag
Hepliaklqana
Kikubaaqudgha
Makhleb
Nemelex Xobeh
Okawaru
Qazlal
Ru
Sif Muna
Trog
Uskayaw
Vehumet
Wu Jian
Xom
Yredelemnul
Zin
The Shining One
Jiyva
Lugonu


Innate Abilities, Weirdness & Mutations

You are immune to sickness and miasma.
Your stone body is resilient. (AC +4)
You are immune to poison.
You resist negative energy. (rN+)
You are resistant to electric shocks. (rElec)
You are resistant to unholy torment.
You are immune to petrification.


Message History

The rakshasa hits you but does no damage.
You hit the rakshasa but do no damage.
The rakshasa is severely wounded.
The rakshasa hits you but does no damage.
You hit the rakshasa.
The rakshasa is severely wounded.
The rakshasa hits you but does no damage.
You miss the rakshasa.
The rakshasa is severely wounded.
The rakshasa hits you with a +0 whip.
You hit the rakshasa but do no damage.
The rakshasa is severely wounded.
The rakshasa hits you with a +0 whip.
You closely miss the rakshasa.
The rakshasa is severely wounded.
The rakshasa hits you with a +0 whip.
You closely miss the rakshasa.
The rakshasa is severely wounded.
The rakshasa hits you with a +0 whip.
You hit the rakshasa but do no damage.
The rakshasa is severely wounded.
You hit the rakshasa.
The rakshasa is severely wounded.
The rakshasa hits you but does no damage.
You sock the rakshasa!
The rakshasa is almost dead.
The rakshasa hits you but does no damage.
You barely miss the rakshasa.
The rakshasa is almost dead.
The rakshasa hits you with a +0 whip!
Unknown command.
You feel much better. The rakshasa gestures at you.
The lance of force hits you!!
* * * LOW HITPOINT WARNING * * *
x2 You hit the rakshasa.
The rakshasa is almost dead.
The rakshasa gestures at you. The lance of force hits you!
You die...

▓.▓
▓.▓
▓)▓
▓.▓
▓.▓
▓.▓
▓R▓
▓R▓
▓@▓
▓+▓
▓w▓
▓w▓
▓T▓
▓J▓
▓.▓
▓.▓
▓+▓


You could see 2 rakshasas.

Vanquished Creatures
  A shadow (D)
  2 wraiths (D)
  A yak (D)
  A black bear (D)
  A kobold brigand (D)
  A scorpion (D)
  A killer bee (D)
  2 adders (D)
  An orc (D)
  An endoplasm (D)
  2 hobgoblins (D)
  A bat (D)
  A rat (D)
16 creatures vanquished.

Vanquished Creatures (others)
  A manticore (D)
  A vampire mosquito (D)
2 creatures vanquished.

Grand Total: 18 creatures vanquished

Notes
Turn   | Place    | Note
-------+----------+-------------------------------------------
     0 | D        | mhtbhm the Gargoyle Fighter began the quest for the Orb.
     0 | D        | Reached XP level 1. HP: 14/14 MP: 1/1
    22 | D        | Noticed a scorpion
    22 | D        | Noticed a black bear
    27 | D        | Killed a scorpion
    28 | D        | Reached skill level 5 in Fighting
    28 | D        | Reached skill level 3 in Maces & Flails
    28 | D        | Reached skill level 5 in Armour
    28 | D        | Reached skill level 5 in Shields
    28 | D        | Reached XP level 2. HP: 21/21 MP: 2/2
    28 | D        | Reached XP level 3. HP: 26/26 MP: 3/3
    28 | D        | Reached XP level 4. HP: 31/31 MP: 4/4
    33 | D        | Killed a black bear
    34 | D        | Reached skill level 5 in Maces & Flails
    34 | D        | Reached XP level 5. HP: 37/37 MP: 5/5
    76 | D        | Found a snail-covered altar of Cheibriados.
    76 | D        | Found a shadowy altar of Dithmenos.
    76 | D        | Found a white marble altar of Elyvilon.
    76 | D        | Found a blossoming altar of Fedhas.
    76 | D        | Found an opulent altar of Gozag.
    77 | D        | Found a hazy altar of Hepliaklqana.
    78 | D        | Found a viscous altar of Jiyva.
    79 | D        | Found an ancient bone altar of Kikubaaqudgha.
    80 | D        | Found a corrupted altar of Lugonu.
    81 | D        | Found a burning altar of Makhleb.
    82 | D        | Found a sparkling altar of Nemelex Xobeh.
    83 | D        | Found an iron altar of Okawaru.
    84 | D        | Found a stormy altar of Qazlal.
    85 | D        | Found a sacrificial altar of Ru.
    86 | D        | Found a shimmering blue altar of Sif Muna.
    87 | D        | Found a bloodstained altar of Trog.
    88 | D        | Found a hide-covered altar of Uskayaw.
    89 | D        | Became a worshipper of Makhleb the Destroyer
    90 | D        | Found a radiant altar of Vehumet.
    91 | D        | Found an ornate altar of the Wu Jian Council.
    92 | D        | Found a shimmering altar of Xom.
    93 | D        | Found a basalt altar of Yredelemnul.
    94 | D        | Found a glowing silver altar of Zin.
    95 | D        | Found a glowing golden altar of the Shining One.
   241 | D        | Noticed a wraith
   241 | D        | Noticed a wraith
   241 | D        | Noticed a yak
   241 | D        | Noticed a shadow
   241 | D        | Noticed a kobold brigand
   254 | D        | Killed a wraith
   255 | D        | Reached skill level 7 in Maces & Flails
   255 | D        | Reached skill level 1 in Dodging
   255 | D        | Reached XP level 6. HP: 44/44 MP: 6/6
   259 | D        | Killed a wraith
   260 | D        | Reached skill level 8 in Maces & Flails
   260 | D        | Reached XP level 7. HP: 49/49 MP: 7/7
   262 | D        | Killed a yak
   262 | D        | Reached * piety under Makhleb
   263 | D        | Reached skill level 9 in Maces & Flails
   269 | D        | Killed a shadow
   273 | D        | Reached skill level 10 in Maces & Flails
   277 | D        | Reached ** piety under Makhleb
   301 | D        | Noticed a vampire mosquito
   301 | D        | Noticed a rakshasa
   301 | D        | Noticed a manticore
   301 | D        | Noticed an orb spider
   301 | D        | Noticed a troll
   301 | D        | Noticed a slime creature
   304 | D        | Noticed a swamp worm
   304 | D        | an orb spider changed into a swamp worm
   318 | D        | Killed a vampire mosquito
   319 | D        | Killed a manticore
   343 | D        | Killed from afar by a rakshasa

Illustrated notes

Levels and vault maps discovered:
D:        linesprint [early_d, line_temple, items_1, d_10, items_2, lair_1,
          lair_end, items_3, orc_1, orc_end, items_4, d_15, swamp_1, shoals_1,
          snake_1, spider_1, d_20, vaults_1, items_5, swamp_end, shoals_end,
          snake_end, spider_end, vaults_end, d_27, items_6, zot_1, zot_end,
          crypt_end, forest_end, elf_end, slime_end, tomb_end, abyss_end,
          pan_hell_end]

Skill      XL: |  1  2  3  4  5  6  7 |
---------------+----------------------+-----
Fighting       | 5 6 7 8 9 |  9.0
Maces & Flails | 3 5 7 8 10 | 10.2
Armour         | 5 6 7 8 9 |  9.6
Shields        | 5 6 7 8 |  8.8
Dodging        | 1 2 |  2.0

Action                   |  1- 3 |  4- 6 |  7- 9 || total
-------------------------+-------+-------+-------++-------
Melee: Flail             |    14 |    36 |    55 ||   105
  Use: Potion            |     1 |     2 |     3 ||     6
Armor: Scale mail        |     7 |    16 |       ||    23
       Plate armour      |       |    10 |    33 ||    43
Dodge: Dodged            |     4 |    18 |    27 ||    49
Block: Buckler           |     3 |    12 |     9 ||    24

Table legend: (Time is in decaauts)
 A = Elapsed time spent in this place.
 B = Non-inter-level travel time spent in this place.
 C = Inter-level travel time spent in this place.
 D = Time resting spent in this place.
 E = Time spent auto-exploring this place.
 F = Levels seen in this place.
 G = Mean time per level.
                   A        B        C        D        E       F      G
               +--------+--------+--------+--------+--------+-----+--------+
         Total |    361 |    361 |      0 |    129 |      3 |   1 |  361.0 |
       Dungeon |    361 |    361 |      0 |    129 |      3 |   1 |  361.0 |
               +--------+--------+--------+--------+--------+-----+--------+

Top non-repeatable levels by time:
       D: 361 daAuts
